Cogmind - Beta 11 *** ADVENTURER MODE // 2023.02.02 @ 16:17:40 Player: 3.14 Result: Destroyed by G-34 Mercenary with Small Laser Performance ------------- Evolutions (1) 500 Regions Visited (3) 600 Robots Destroyed (25) 125 Value Destroyed (657) 657 Prototype IDs (0) 0 Alien Tech Used (0) 0 Bonus (0) 0 TOTAL SCORE: 1882 Bonus ------- None Cogmind --------- Core Integrity 0/400 Matter 300/300 Energy 100/100 System Corruption 0% Temperature Cool (6) Movement Core (700) Ox13 Location -9/Mines Parts ------- > --- POWER (2) -------- (None) > --- PROPULSION (2) --- (None) > --- UTILITY (2) ------ High-capacity Storage Unit Signal Interpreter > --- WEAPON (3) ------- (None) > --- INVENTORY (20) --- Aluminum Leg Aluminum Leg Compact Wheel Peak State ------------ > --- POWER ------------ Ion Engine Improved Ion Engine > --- PROPULSION ------- Aluminum Leg Aluminum Leg > --- UTILITY ---------- High-capacity Storage Unit Signal Interpreter > --- WEAPON ----------- Small Laser Small Laser Beam Rifle > --- INVENTORY -------- Aluminum Leg Aluminum Leg Compact Wheel [Rating: 11] Favorites ----------- Power Light Nuclear Core Engine Light Ion Engine Power Core Light Nuclear Core Propulsion Aluminum Leg Treads Light Treads Leg Aluminum Leg Utility Signal Interpreter Storage Large Storage Unit Processor Signal Interpreter Weapon Small Laser Energy Gun Small Laser Ballistic Gun Light Assault Rifle Build | -11 -10 -9 -9 ------- Run | Scr Mat Mat Min Slots Evolved 2 | . . 2 . Power 1 | . . 1 . Propulsion . | . . . . Utility . | . . . . Weapon 1 | . . 1 . Parts Attached 23 | 6 9 6 2 Power 6 | 1 2 3 . Engine 5 | 1 1 3 . Core 1 | . 1 . . Reactor . | . . . . Propulsion 5 | 2 2 1 . Treads 2 | 2 . . . Leg 3 | . 2 1 . Wheel . | . . . . Hover . | . . . . Flight . | . . . . Utility 5 | 1 3 1 . Device . | . . . . Storage 4 | 1 2 1 . Processor 1 | . 1 . . Hackware . | . . . . Protection . | . . . . Artifact . | . . . . Weapon 7 | 2 2 1 2 Energy Gun 5 | 2 2 1 . Energy Cannon . | . . . . Ballistic Gun 2 | . . . 2 Ballistic Cannon . | . . . . Launcher . | . . . . Special Weapon . | . . . . Impact Weapon . | . . . . Slashing Weapon . | . . . . Piercing Weapon . | . . . . Special Melee Weapon . | . . . . Unidentified Prototypes . | . . . . Parts Lost 14 | . 4 2 8 Power 4 | . 1 2 1 Propulsion 3 | . 1 . 2 Utility . | . . . . Weapon 7 | . 2 . 5 Highest Loss Streak 8 | . 2 2 8 To Critical Strikes . | . . . . Average Slot Usage (%) 88 | . 94 85 70 Engine 6 | . 2 10 14 Core 7 | . 9 8 . Treads 7 | . 14 . . Leg 16 | . 12 22 15 Storage 12 | . 14 11 11 Processor 12 | . 13 11 11 Energy Gun 24 | . 27 22 16 Naked Turns . | . . . . Heaviest Build 57 | 12 27 57 57 Greatest Support 40 | 40 40 20 20 Greatest Overweight (x) 13 | 1 1 2 13 Average Overweight (x) . | . . 1 4 Largest Inventory Capacity 20 | 8 15 20 20 Average Capacity 13 | 7 11 15 20 Most Carried 6 | 4 6 6 4 Average Carried 3 | 2 4 4 3 Final Capacity 20 | 8 15 20 20 Final Carried 5 | 3 5 3 3 Class Distribution -------------------- 65% | Mutant 30% | Scavenger-Mutant 4% | Scavenger-Gunner Dominant Class ---------------- Mutant | -10/Materials Scavenger-Mutant | -9/Materials Mutant | -9/Mines Resources | -11 -10 -9 -9 ----------- Run | Scr Mat Mat Min Matter Collected 408 | 35 299 60 14 Remotely . | . . . . Salvage Created 834 | . 452 165 217 Parts 57 | . 28 12 17 Haulers Intercepted . | . . . . Recyclers Shooed 1 | . 1 . . Parts Field Recycled . | . . . . Retrieved Matter . | . . . . Parts Self-Destructed . | . . . . Prevented . | . . . . Kills | -11 -10 -9 -9 ------- Run | Scr Mat Mat Min Combat Hostiles Destroyed 22 | . 13 3 6 Guns 21 | . 12 3 6 Classes Destroyed 6 | . 3 1 2 Worker 2 | . 2 . . Tunneler 1 | . . . 1 Swarmer 8 | . 5 . 3 Grunt 9 | . 8 . 1 Duelist 2 | . . . 2 Sentry 3 | . . 3 . Best Kill Streak 5 | . 5 1 5 Combat Bots Only 5 | . 5 1 3 Max Kills in Single Turn 2 | . 1 1 2 Gunslinging 1 | . . . 1 Exploded . | . . . . Melee . | . . . . Uniques/NPCs Destroyed . | . . . . Combat | -11 -10 -9 -9 -------- Run | Scr Mat Mat Min Damage Taken 1678 | . 547 272 859 Core 488 | . 82 30 376 Absorbed by Shields . | . . . . Core Remaining (%) 83 | 100 67 . . Volleys Fired 70 | . 43 11 16 Largest 3 | . 2 2 3 Hottest 136 | . 100 80 136 Shots Fired 130 | . 77 22 31 Gun 130 | . 77 22 31 Cannon . | . . . . Launcher . | . . . . Special . | . . . . Kinetic 12 | . . . 12 Thermal 118 | . 77 22 19 Explosive . | . . . . Electromagnetic . | . . . . Robot Hit Streak 38 | . 38 12 21 Robot Miss Streak 2 | . 2 1 1 Penetration Max . | . . . . Secondary Targets 2 | . 1 . 1 Max Gunslinging Chain 1 | . 1 . 1 Shots Hit Robots 108 | . 64 17 27 Core Hits 42 | . 23 6 13 Critical Kills . | . . . . Critical Parts Destroyed . | . . . . Critical Strikes 3 | . 3 . . Burn 3 | . 3 . . Melee Attacks . | . . . . Impact . | . . . . Slashing . | . . . . Piercing . | . . . . Sneak Attacks . | . . . . Combat Hostiles . | . . . . Follow-up Attacks . | . . . . Damage Inflicted 1285 | . 769 203 313 Guns 1280 | . 769 203 308 Cannons . | . . . . Explosions . | . . . . Melee . | . . . . Ramming 5 | . . . 5 Kinetic 102 | . . . 102 Thermal 1178 | . 769 203 206 Explosive . | . . . . Electromagnetic . | . . . . Impact . | . . . . Slashing . | . . . . Piercing . | . . . . Highest Corruption 1 | . 1 . . Average Corruption 1 | . 1 . . Corruption Purged . | . . . . Corruption Blocked . | . . . . Effects 5 | . 5 . . Message Errors 1 | . 1 . . Matter Fused 1 | . 1 . . Energy Discharges 2 | . 2 . . Data Loss (major) 1 | . 1 . . Overload Shots . | . . . . Overflow Damage . | . . . . Projectiles . | . . . . Explosions . | . . . . Melee . | . . . . Knockbacks . | . . . . Impact . | . . . . Kinetic . | . . . . Secondary . | . . . . Self-Inflicted Damage 94 | . 94 . . Shots 3 | . 3 . . Rammed . | . . . . Targets Rammed 1 | . . . 1 Kicked 1 | . . . 1 Crushed . | . . . . Highest Temperature 377 | . 216 69 377 Average Temperature 122 | . 113 21 205 Received Heat Transfer 720 | . 243 99 378 Effects 3 | . . . 3 Shutdowns 2 | . . . 2 Energy Bleed 1 | . . . 1 Siege Activations . | . . . . Robots Corrupted . | . . . . Combat Hostiles . | . . . . Parts Fried . | . . . . Impact Corruptions . | . . . . Robots Melted 1 | . 1 . . Combat Hostiles 1 | . 1 . . Parts Melted 9 | . 8 . 1 Heat Transferred 3296 | . 2338 450 508 Parts Sabotaged . | . . . . Parts Stolen . | . . . . Parts Stripped . | . . . . Power Chain Reactions 1 | . 1 . . Missiles Intercepted . | . . . . Alert | -11 -10 -9 -9 ------- Run | Scr Mat Mat Min Peak Influence 325 | . 325 146 142 Initial 47 | . . 46 47 Average 138 | . 205 79 97 Maximum Alert Level 1 | . 1 . . Low Security (%) 72 | 100 44 100 100 Level 1 27 | . 55 . . Level 2 . | . . . . Level 3 . | . . . . Level 4 . | . . . . Level 5 . | . . . . High Security . | . . . . Max Security . | . . . . Squads Dispatched 4 | . 4 . . Investigation 4 | . 4 . . Extermination . | . . . . Reinforcement . | . . . . Assault . | . . . . Garrison . | . . . . Intercept . | . . . . Searches Triggered . | . . . . Construction Impeded . | . . . . Haulers Reinforced . | . . . . Active Scanning Responses . | . . . . Cargo Convoy Interrupts . | . . . . Stealth | -11 -10 -9 -9 --------- Run | Scr Mat Mat Min Distress Signals . | . . . . Communications Jammed . | . . . . Distress Signals . | . . . . Times Spotted 32 | . 19 4 9 Peak Tracking Total 6 | . 5 3 6 Tactical Retreats . | . . . . Traps | -11 -10 -9 -9 ------- Run | Scr Mat Mat Min Traps Triggered 3 | . 2 1 . Indirectly 1 | . 1 . . Trap Hack Attempts . | . . . . Triggered . | . . . . Disarmed . | . . . . Reprogrammed . | . . . . Reused . | . . . . Traps Extracted . | . . . . Installed . | . . . . Triggered . | . . . . Machines | -11 -10 -9 -9 ---------- Run | Scr Mat Mat Min Machines Disabled 2 | . 2 . . Max in Single Turn 2 | . 2 . . Machines Sabotaged . | . . . . Garrisons Compromised . | . . . . Overloaded Fab Kills . | . . . . Hacking | -11 -10 -9 -9 --------- Run | Scr Mat Mat Min Machines Accessed 3 | . 3 . . Terminals 3 | . 3 . . Fabricators . | . . . . Repair Stations . | . . . . Recycling Units . | . . . . Scanalyzers . | . . . . Garrison Access . | . . . . Total Hacks 13 | . 13 . . Successful 9 | . 9 . . Failed 4 | . 4 . . Catastrophic . | . . . . Database Lockouts . | . . . . Manual . | . . . . Terminals 13 | . 13 . . Fabricators . | . . . . Repair Stations . | . . . . Recycling Units . | . . . . Scanalyzers . | . . . . Garrison Access . | . . . . Terminal Hacks 9 | . 9 . . Emergency Access Points 1 | . 1 . . Alert Level 3 | . 3 . . Locate Traps 1 | . 1 . . Recall Investigation 1 | . 1 . . Hauler Manifests 1 | . 1 . . Zone Layout 2 | . 2 . . Fabricator Hacks . | . . . . Repair Station Hacks . | . . . . Recycling Unit Hacks . | . . . . Scanalyzer . | . . . . Garrison Access Hacks . | . . . . Unauthorized Hacks . | . . . . Terminals . | . . . . Fabricators . | . . . . Repair Stations . | . . . . Recycling Units . | . . . . Scanalyzers . | . . . . Garrison Access . | . . . . Data Cores Recovered . | . . . . Used . | . . . . Hacking Detections 3 | . 3 . . Full Trace Events 3 | . 3 . . Feedback Events . | . . . . Feedback Blocked . | . . . . Robot Schematics Acquired . | . . . . Robots Built . | . . . . Authchips . | . . . . Time . | . . . . Total Robot Build Rating . | . . . . Part Schematics Acquired . | . . . . Parts Built . | . . . . Authchips . | . . . . Time . | . . . . Total Part Build Rating . | . . . . Parts Repaired . | . . . . Time . | . . . . Parts Recycled . | . . . . Recycled Matter . | . . . . Retrieved Matter . | . . . . Retrieved Components . | . . . . Parts Scanalyzed . | . . . . Part Schematics Acquired . | . . . . Parts Damaged . | . . . . Bothacking | -11 -10 -9 -9 ------------ Run | Scr Mat Mat Min Used RIF Installer . | . . . . Robots Hacked . | . . . . Non-combat . | . . . . Combat . | . . . . Robot Hacks Applied . | . . . . Relay Couplers Released . | . . . . Fabnet Peak Effective % . | . . . . Robots Rewired . | . . . . Allies Hacked . | . . . . Hacks Repelled . | . . . . Allies | -11 -10 -9 -9 -------- Run | Scr Mat Mat Min Total Allies . | . . . . Largest Group . | . . . . Highest-Rated Group . | . . . . Highest-Rated Ally . | . . . . Total Orders . | . . . . Ally Attacks . | . . . . Total Damage . | . . . . Kills . | . . . . Allies Corrupted . | . . . . Allies Melted . | . . . . Intel | -11 -10 -9 -9 ------- Run | Scr Mat Mat Min Robot Analysis Total . | . . . . Derelict Logs Recovered . | . . . . Drone Launches . | . . . . Drone Recoveries . | . . . . Exploration | -11 -10 -9 -9 ------------- Run | Scr Mat Mat Min Turns Passed 1036 | 64 508 353 111 Spaces Moved 421 | 38 208 157 18 Core 19 | 16 . . 3 Treads 114 | 22 92 . . Legs 288 | . 116 157 15 Wheels . | . . . . Hover . | . . . . Flight . | . . . . Fastest Speed 50 | 50 120 190 260 Average Speed 185 | 130 171 198 356 Slowest Speed 700 | 160 190 260 700 Overloaded Moves . | . . . . Propulsion Burnouts . | . . . . Robots Hopped . | . . . . Cave-ins Triggered . | . . . . Exploration Rate (%) 19 | 4 48 21 6 Regions Visited 3 Branch Regions 1 Pre-discovered Areas . | . . . . Known Exits Taken 2 | . 1 1 . Unknown Exits Taken 1 | 1 . . . Scrap Searched . | . . . . Spaces Dug . | . . . . Terrain Destroyed 4 | . 4 . . Melee . | . . . . Projectile . | . . . . AOE 4 | . 4 . . Terrain Rammed . | . . . . Walls Destroyed . | . . . . Machines Disabled . | . . . . Actions | -11 -10 -9 -9 --------- Run | Scr Mat Mat Min Total 553 | 52 284 178 39 Wait 11 | . 11 . . Move 418 | 37 207 156 18 Hop . | . . . . Pick Up 25 | 9 10 4 2 Fast Attach 1 | . 1 . . Attach 21 | 6 8 5 2 Detach 1 | . 1 . . Swap 1 | . . 1 . Drop 4 | . 3 1 . Fire 70 | . 43 11 16 Melee . | . . . . Ram . | . . . . Kick 1 | . . . 1 Crush . | . . . . Escape Stasis . | . . . . Rewire . | . . . . Trap . | . . . . Miscellaneous . | . . . . Route ------- -11/Scrapyard -10/Materials (discovered 2 exits: *Mat x2) -9/Materials -9/Mines History --------- Turn | Location | Event 7 | -11/Scrapyard | Discovered new exit (range 16) 65 | -11/Scrapyard | Entered Materials 326 | -10/Materials | Build established: Mutant 336 | -10/Materials | Discovered new exit (range 16) 531 | -10/Materials | Discovered new exit (range 15) 571 | -10/Materials | Identified exit to Materials 573 | -10/Materials | Entered another Materials area 573 | -9/Materials | Evolved 2 slots: Power x1, Weapon x1 744 | -9/Materials | Discovered new exit (range 5) 924 | -9/Materials | Identified exit to Mines 926 | -9/Materials | Entered Mines 1011 | -9/Mines | Core integrity fell below 50% 1023 | -9/Mines | Core integrity fell below 20% 1037 | -9/Mines | Destroyed by G-34 Mercenary with Small Laser Last Messages --------------- 00987_ Overheating: Energy bleed (-45). 00989_ Power failure, Ion Engine shutdown. 00991_ Ion Engine destroyed. 00991_ Beam Rifle destroyed. 00993_ Aluminum Leg destroyed. 00996_ Power failure, Imp. Ion Engine shutdown. 00997_ Imp. Ion Engine severed. 01000_ Acquired 1 matter. 01005_ Aluminum Leg destroyed. 01007_ Lgt. Assault Rifle destroyed. 01011_ R-06 Scavenger collects Flight Unit. 01015_ R-06 Scavenger collects Lgt. Ion Engine. 01019_ R-06 Scavenger collects Imp. Ion Engine. 01022_ Acquired Lgt. Assault Rifle. 01022_ R-06 Scavenger collects Flight Unit. 01026_ L-31 Rogue destroyed. 01027_ Acquired 12 matter. 01028_ G-34 Mercenary destroyed. 01029_ Acquired 1 matter. 01029_ Lgt. Assault Rifle destroyed. Map ----- +----------------------------------------------------+ | ????????????????????????????? | | ????????????????????????????? | | ????????????????????????????? | | ????????????????????????????? | | ????????????????????????????? | | ????????????????????????????? | | ????????????????????????????? | | ????????????????????????????? | | ?????????????????#??????????? | | ?????????????????# ?????????? | | ????????????????? ?????????? | | ?????????????????? ?????????? | | ?????????????????? ?????????? | | ?????????????????? ????????? | | ??????????????????# ????????? | | ??????????????????# ???????? | | ?????????????????## ???????? | | ?????????????????? ???????? | | ??????????????????# ???????? | | ??????????????????# ???????? | | ??????????????????# ###????? | | ??????????????????# ##???? | | ???????????????#### ##??? | | ???????????????# ##?? | | ???????????????# ###g r #?? | | ???????????????????## * =@#?? | | ????????????????????##%%%%#?? | | ????????????????????##%[!##?? | | ?????????????????####=%g##??? | | ??????????# !### # /##???? | | ??????????#=%* %= ##????? | | ??????# | ####?????? | | ??????# ! ! ######?????????? | | ??????# ! ?????????????????? | | ????????????????????????????? | | ????????????????????????????? | | ????????????????????????????? | | ????????????????????????????? | | ????????????????????????????? | | ????????????????????????????? | | ????????????????????????????? | | ????????????????????????????? | | ????????????????????????????? | | | | | | | | | | | | | | | +----------------------------------------------------+ Best States ------------- Heat Dissipation 28 Energy Generation 19 Energy Capacity 415 Matter Stores 300 Matter Capacity 300 Sight Range 16 Terrain Scan Density 10 Resistance: KI 20 Resistance: TH 20 Resistance: EX 20 Resistance: EM 20 Resistance: I 20 Resistance: S 20 Resistance: P 20 Evasion (%) 55 Recoil Reduction 2 Offensive Hacking 10 Item Schematics ----------------- None Robot Schematics ------------------ None Fabricated ------------ Nothing Alien Tech Used ----------------- None Achievements -------------- GoHome() Challenges ------------ None Game ------ Seed PointCryofiberCore Manual? 0 Play Time 00:11:33 Cumulative 8.7 hours Start 2023.02.02 @ 15:57:22 End 2023.02.02 @ 16:17:40 Sessions 1 Manual Loads 0 Difficulty Adventurer Special Mode None Game No. 19 Rogue 9 Adventurer 10 Explorer 0 Win Type - Total 0 Types 0/0/0/0/0/0/0/0/0 Lore% 18 Gallery% 16 Achievement% 16 Wizard Run 0 Options --------- ASCII 0 Keyboard 0 Movement Mouse Keybinds 0 Fullscreen 1 Font 12/Terminus Map View 83x54 Tactical HUD 1 Map Filters NONE Filters NONE Steam 0 RUN: 63455b6e-d06a-41b7-83d5-5cb8ef7d5e14